 Dungeon Sprint DCSS version 0.28.0-1-gb440e238dd (webtiles) character file.

Game seed: 9586243196131062497

918 Groucho the Nimble (level 7, -8/38 HPs)
             Began as a Spriggan Enchanter on Feb 18, 2022.
             Mangled by Menkaure (23 damage)
             ... in the Dungeon (Sprint II: "The Violet Keep of Menkaure").
             The game lasted 00:02:20 (175 turns).

Groucho the Nimble (Spriggan Enchanter)              Turns: 175, Time: 00:02:21

Health: -8/38      AC:  2    Str:  6    XL:     7   Next: 83%
Magic:  15/20      EV: 23    Int: 17    God:
Gold:   972        SH:  0    Dex: 15    Spells: 12/23 levels left

rFire   . . .      SeeInvis +   a - +1 dagger
rCold   . . .      Faith    .   (no shield)
rNeg    . . .      Spirit   .   b - +0 robe
rPois   .          Reflect  .   (helmet restricted)
rElec   .          Harm     .   (no cloak)
rCorr   .          Rampage  .   (gloves unavailable)
Will    +....      NoTele   +   (boots unavailable)
Stlth   ++++......              (no amulet)
HPRegen 0.12/turn               (no ring)
MPRegen 0.17/turn               (no ring)

@: confusing by touch, very quick
A: very small, no large weapons, unfitting armour, see invisible, speed 3
a: no special abilities


You were in the Dungeon.
You visited 1 branch You collected 972 gold pieces.

Inventory:

Hand Weapons
 a - a +1 dagger (weapon)
Armour
 b - a +0 robe (worn)
Scrolls
 i - a scroll of blinking
Potions
 g - 2 potions of magic


   Skills:
 + Level 4.5 Fighting
 * Level 8.8 Short Blades
 * Level 10.8 Dodging
 - Level 10.3 Stealth
 + Level 8.9 Spellcasting
 + Level 9.4 Hexes


You had 12 spell levels left.
You knew the following spells:

 Your Spells              Type           Power      Damage    Failure   Level
a - Ensorcelled Hibernat  Hex/Ice        46%        N/A       1%          2
b - Confusing Touch       Hex            39%        N/A       1%          3
c - Tukima's Dance        Hex            39%        N/A       1%          3
d - Dazzling Flash        Conj/Hex       46%        N/A       4%          3

Your spell library contained the following spells:

 Spells                   Type           Power      Damage    Failure   Level


Dungeon Overview and Level Annotations

Branches:
Dungeon (1/1)

Altars:

Shops:
D :([!?[[[=!!:!=

Annotations:
D Menkaure


Innate Abilities, Weirdness & Mutations

You are very small and have problems with some larger weapons.
You are too small for most types of armour.
You have supernaturally acute eyesight. (SInv)
You cover ground extremely quickly. (Speed+++)


Message History

You are poisoned.
The water moccasin poisons you!
Cast which spell? (? or * to list)
Your hands begin to glow red.
You feel very sick. The water moccasin closely misses you.
Unknown command.
Casting: Confusing Touch (safe; 1% risk of failure)
Confirm with . or Enter, or press ? or * to list all spells.
Okay, then.
You hit the water moccasin but do no damage.
The water moccasin appears confused.
The water moccasin is almost dead.
You feel sick.
No target in view!
You feel sick.
There is an open door here.
You feel sick.
You close the door.
You feel sick.
You start resting.
You feel sick. x5
You are no longer poisoned.
Something unseen opens the door.
A water moccasin is nearby!
A water moccasin is nearby!
Casting: Confusing Touch (safe; 1% risk of failure)
Confirm with . or Enter, or press ? or * to list all spells.
Aiming: Tukima's Dance (safe; 1% risk of failure)
Press: ? - help, Shift-Dir - straight line, f - you
Okay, then.
Casting: Tukima's Dance (safe; 1% risk of failure)
Confirm with . or Enter, or press ? or * to list all spells.
Your hands begin to glow red.
There is an open door here.
You are too injured to fight recklessly!
You are too injured to fight recklessly!
Unknown command.
Menkaure shouts!
You hit Menkaure but do no damage. Menkaure hits you!!
Ouch! That really hurt!
You die...

########≈≈#+++#
#######≈≈≈....
..∩.∩.#≈≈≈≈.##+##
.∩.∩..#≈≈≈M##...##
∩.∩...#≈≈≈≈#.)#..#
.∩....#≈≈####...####
∩.∩.S.#≈##.###'###.##
.∩....#M#...##.###..#
..∩.∩.'≈@##.†.<.'.##+
...∩.∩#≈#.†.##.###†.#
▓▓▓▓###≈##.###'###.##
G######≈≈####.#.####
. ##≈ #.##..# +#
###..## #+##


You could see a water moccasin (confused) and Menkaure.

Vanquished Creatures
  A merfolk siren (D)
  4 necrophages (D)
  4 scorpions (D)
  3 worms (D)
12 creatures vanquished.

Notes
Turn   | Place    | Note
-------+----------+-------------------------------------------
     0 | D        | Groucho the Spriggan Enchanter began the quest for the Orb.
     0 | D        | Reached XP level 1. HP: 9/9 MP: 5/5
     1 | D        | Noticed a necrophage
     1 | D        | Noticed a necrophage
     1 | D        | Noticed a necrophage
     1 | D        | Noticed a necrophage
     9 | D        | Killed a necrophage
    10 | D        | Reached skill level 10 in Stealth
    10 | D        | Reached skill level 5 in Spellcasting
    10 | D        | Reached XP level 2. HP: 13/13 MP: 5/9
    10 | D        | Reached XP level 3. HP: 16/16 MP: 6/11
    10 | D        | Reached XP level 4. HP: 21/21 MP: 6/12
    15 | D        | Killed a necrophage
    16 | D        | Reached skill level 1 in Fighting
    16 | D        | Reached skill level 5 in Dodging
    16 | D        | Reached XP level 5. HP: 20/26 MP: 6/14
    26 | D        | Killed a necrophage
    27 | D        | Reached skill level 5 in Short Blades
    33 | D        | Killed a necrophage
    34 | D        | Reached XP level 6. HP: 24/32 MP: 10/17
    55 | D        | Noticed a merfolk siren
    58 | D        | Killed a merfolk siren
    59 | D        | Reached XP level 7. HP: 29/37 MP: 12/19
    68 | D        | Reached skill level 10 in Dodging
   126 | D        | Found Liustrur's Armour Boutique.
   126 | D        | Found Jicaxt's Antique Armour Shop.
   126 | D        | Found Roufaok's Distillery.
   126 | D        | Found Qipump's Book Shop.
   126 | D        | Found Qirchaele's Antique Armour Boutique.
   127 | D        | Found Avetum's Jewellery Shop.
   127 | D        | Found Xelo's Distillery.
   127 | D        | Found Raelout's Magic Scroll Boutique.
   127 | D        | Found Memmicurr's Distillery.
   127 | D        | Found Ween Wuxa's Antique Armour Boutique.
   128 | D        | Found Reschepi's Antique Weapon Shop.
   128 | D        | Found Olixkobiz's Book Boutique.
   129 | D        | Found Imau's Distillery.
   129 | D        | Found Aqotwou's Jewellery Shop.
   129 | D        | Noticed Menkaure
   129 | D        | Noticed a shining eye
   134 | D        | Learned a level 2 spell: Ensorcelled Hibernation
   138 | D        | Learned a level 3 spell: Confusing Touch
   142 | D        | Learned a level 3 spell: Tukima's Dance
   146 | D        | Learned a level 3 spell: Dazzling Flash
   175 | D        | Mangled by Menkaure

Illustrated notes

Levels and vault maps discovered:
D:        the_violet_keep_of_menkaure [sprint2_stairs_cluster_1,
          sprint2_shoproom, sprint2_temple, sprint2_basic_supplies,
          sprint2_obstacle_1, sprint2_obstacle_4, sprint2_obstacle_5,
          sprint2_obstacle_3, sprint2_obstacle_2, sprint2_timed_cluster_1,
          sprint2_smallroom_cluster_1, sprint2_smallroom_final_cluster_1,
          sprint2_transparent_cluster_1, sprint2_second_timed_cluster_1,
          sprint2_sniper_area_1, sprint2_heavy_combat_area_1,
          sprint2_mutation_trap_area_1, sprint2_forest_area_1,
          sprint2_light_combat_area_1, sprint2_behind_water_1,
          sprint2_near_end_vault_1]

Skill      XL: |  1  2  3  4  5  6  7 |
---------------+----------------------+-----
Stealth        | 10 | 10.3
Spellcasting   | 5 6 7 8 |  8.9
Hexes          | 6 7 9 |  9.4
Fighting       | 1 3 4 |  4.5
Short Blades   | 3 6 8 |  8.8
Dodging        | 5 7 9 10 | 10.8

Action                   |  1- 3 |  4- 6 |  7- 9 || total
-------------------------+-------+-------+-------++-------
Melee: Dagger            |     7 |    28 |    21 ||    56
 Cast: Confusing Touch   |       |       |     2 ||     2
  Use: Potion            |     1 |     3 |     1 ||     5
 Stab: Invisible         |       |     4 |     3 ||     7
       Sleeping          |       |     2 |     1 ||     3
Armor: Robe              |       |     1 |       ||     1
Dodge: Dodged            |     2 |    13 |     7 ||    22
